 Dungeon Crawl Stone Soup version bcrawl-1.37.2 (webtiles) character file.

Game seed: 723360337110512841

205903 Mehrunes the Chopper (level 7, 0/57 HPs)
             Began as a Formicid Fighter on Nov 18, 2022.
             Succumbed to a worker ant's poison
             ... on level 4 of the Dungeon.
             The game lasted 00:05:43 (2846 turns).

Mehrunes the Chopper (Formicid Fighter)             Turns: 2846, Time: 00:05:43

Health: 0/57       AC: 11    Str: 20    XL:     7   Next: 7%
Magic:  16/16      EV:  8    Int:  8    God:
Gold:   242        SH: 10    Dex: 18    Spells: 6/6 levels left

rFire    . . .     GDR:     32% a - +0 war axe
rCold    . . .     SeeInvis +   c - +0 medium shield
rNeg     . . .     Gourm    .   k - +0 plate armour
rPois    .         Faith    .   (helmet unavailable)
rElec    .         Spirit   .   (no cloak)
rCorr    .         Reflect  .   (no gloves)
MR       .....                  (no boots)
Stlth    ..........             (no amulet)
HPRegen  0.19/turn              l - +3 ring of dexterity
MPRegen  0.15/turn              q - ring of magical power

@: agile, lethally poisoned (0 -> -6)
A: permanent stasis, dig shafts and tunnels, four strong arms, antennae 3,
talons 1, robust 1, weak 1
a: Dig, Shaft Self


You were on level 4 of the Dungeon.
You were completely stuffed.

You visited 1 branch of the dungeon, and saw 4 of its levels.

You collected 242 gold pieces.

Inventory:

Hand Weapons
 a - a +0 war axe (weapon)
Armour
 b - a +0 scale mail
 c - a +0 medium shield (worn)
 k - a +0 plate armour (worn)
Jewellery
 l - a +3 ring of dexterity (left hand)
 q - a ring of magical power (right hand)
Wands
 u - a wand of scattershot (6)
Scrolls
 g - a scroll of fog {unknown}
 i - 3 scrolls of identify
 j - 2 scrolls of teleportation {unknown}
 n - 2 scrolls of remove curse {unknown}
 o - 3 scrolls of magic mapping {unknown}
 p - 2 scrolls of enchant armour {unknown}
 s - a scroll of noise {unknown}
Potions
 r - a potion of might
Comestibles
 e - 4 rations {!d}


   Skills:
 - Level 3.2 Fighting
 + Level 7.0 Axes
 - Level 3.2 Armour
 - Level 3.6 Shields


You had 6 spell levels left.
You didn't know any spells.
Your spell library was empty.

Dungeon Overview and Level Annotations

Branches:
Dungeon (4/12)
 Temple: D:4-7

Altars:
Fedhas
Nemelex Xobeh
Qazlal
Sif Muna

Annotations:
D:4 Edmund


Innate Abilities, Weirdness & Mutations

You cannot be hasted, slowed, berserked, paralysed or teleported.
You can dig through walls and to a lower floor.
Your four strong arms can wield two-handed weapons with a shield.
You have a pair of large antennae on your head. (SInv)
You have sharp toenails.
You are robust. (+10% HP)
You are weak. (Str -2)


Message History

You see here a chunk of flesh.
Eat a chunk of flesh? (ye/n/q)
You eat the chunk of flesh.
This raw flesh tastes terrible.
* * * LOW HITPOINT WARNING * * *
You feel sick.
You eat one of the 7 rations {!d}.
That ration really hit the spot!
* * * LOW HITPOINT WARNING * * *
You feel sick.
You eat one of the 6 rations {!d}.
That ration really hit the spot!
* * * LOW HITPOINT WARNING * * *
You feel sick.
You eat one of the 5 rations {!d}.
That ration really hit the spot!
* * * LOW HITPOINT WARNING * * *
You feel sick.
Okay, then.
* * * LOW HITPOINT WARNING * * *
You feel sick.
You extend your mandibles.
You dig through the rock wall.
You die...

########### #.........#
#.........# #.........#
#.........# ..
#......<..# ...
#####.##@.#### ....
#........)# #####....
#.........# #........
#.........###......#.
#.............[......
#.........#..).......
#....................
.........#########.####
#.......### .#


There were no monsters in sight!

Vanquished Creatures
  An orc priest (D:2)
  An orc wizard (D:3)
  3 iguanas
  2 worker ants
  A killer bee zombie (D:3)
  Robin (D:2)
  4 adders (D:3)
  5 worms
  2 dart slugs
  3 leopard geckos
  13 orcs
  A ball python (D:3)
  4 giant cockroaches
  10 goblins
  17 hobgoblins
  A quokka (D:3)
  7 bats
  4 frilled lizards
  A jackal skeleton (D:3)
  11 kobolds
  6 rats
98 creatures vanquished.

Notes
Turn   | Place    | Note
-------+----------+-------------------------------------------
     0 | D:1      | Mehrunes the Formicid Fighter began the quest for the Orb.
     0 | D:1      | Reached XP level 1. HP: 18/18 MP: 1/1
   135 | D:1      | Reached XP level 2. HP: 24/24 MP: 2/2
   308 | D:1      | Reached skill level 3 in Axes
   506 | D:1      | Reached XP level 3. HP: 29/29 MP: 3/3
   934 | D:2      | Found a shimmering blue altar of Sif Muna.
  1167 | D:2      | Noticed Robin
  1174 | D:2      | Reached skill level 4 in Axes
  1174 | D:2      | Reached XP level 4. HP: 24/35 MP: 4/4
  1176 | D:2      | Killed Robin
  1551 | D:2      | Reached XP level 5. HP: 27/41 MP: 5/5
  1557 | D:2      | Reached skill level 5 in Axes
  1900 | D:3      | Reached XP level 6. HP: 47/47 MP: 6/6
  2036 | D:3      | Reached skill level 6 in Axes
  2504 | D:3      | Found a faded altar of an unknown god.
  2504 | D:3      | Found a sparkling altar of Nemelex Xobeh.
  2510 | D:3      | Found a blossoming altar of Fedhas.
  2512 | D:3      | Found a faded altar of an unknown god.
  2513 | D:3      | Found a stormy altar of Qazlal.
  2723 | D:4      | Noticed Edmund
  2805 | D:4      | Reached XP level 7. HP: 41/52 MP: 7/7
  2835 | D:4      | Reached skill level 7 in Axes
  2837 | D:4      | Gained mutation: You are weak. (Str -2) [potion of
                  | mutation]
  2837 | D:4      | Gained mutation: You are robust. (+10% HP) [potion of
                  | mutation]
  2837 | D:4      | Gained mutation: You have sharp toenails. [potion of
                  | mutation]
  2844 | D:4      | HP: 2/57 [poisoned by a worker ant]
  2846 | D:4      | Succumbed to a worker ant's poison

Skill      XL: |  1  2  3  4  5  6  7 |
---------------+----------------------+-----
Axes           | 3 4 5 6 7 |  7.0
Fighting       | |  3.2
Armour         | |  3.2
Shields        | |  3.6

Action                   |  1- 3 |  4- 6 |  7- 9 || total
-------------------------+-------+-------+-------++-------
Melee: War axe           |   103 |   193 |    16 ||   312
 Abil: Dig               |       |       |     1 ||     1
  Use: Potion            |     1 |     1 |     4 ||     6
  Eat: Chunk             |     5 |    12 |     1 ||    18
       Ration            |       |       |     3 ||     3
Armor: Scale mail        |    19 |       |       ||    19
       Plate armour      |    24 |   132 |     6 ||   162
Dodge: Dodged            |    26 |    29 |       ||    55
Block: Medium shield     |    52 |    98 |    12 ||   162
